 Dungeon Crawl Stone Soup version 0.31.0-11-ge490571c62 (webtiles) character file.

Game seed: 4412853592195269003

500 gelatine the Shield-Bearer (level 6, -14/47 HPs)
             Began as a Demonspawn Fighter on Jan 27, 2024.
             Was a Believer of Kikubaaqudgha.
             Demolished by an orc wizard
             ... wielding a +0 dagger of electrocution
              (20 damage)
             ... on level 5 of the Dungeon.
             The game lasted 00:07:13 (2623 turns).

gelatine the Shield-Bearer (Demonspawn Fighter)     Turns: 2623, Time: 00:07:14

Health: -14/47     AC: 10    Str: 17    XL:     6   Next: 94%
Magic:  2/9        EV:  9    Int: 10    God:    Kikubaaqudgha [**....]
Gold:   149        SH:  0    Dex: 12    Spells: 8/9 levels left

rFire   + . .        q - +4 long sword of Generosity {venom, rF+}
rCold   . . .        c - +0 buckler
rNeg    . . .        b - +0 scale mail
rPois   .            (no helmet)
rElec   .            r - +0 cloak
rCorr   .            (no gloves)
SInv    .            (no boots)
Will    .....        m - amulet of the acrobat Stlth
                     (no ring)
HPRegen 0.27/turn    (no ring)
MPRegen 0.11/turn

%: acrobat
@: confused, attractive
A: yellow scales 1, condensation shield
a: Renounce Religion, Unearth Wretches


You were on level 5 of the Dungeon.
You worshipped Kikubaaqudgha.
Kikubaaqudgha was pleased with you.
You visited 1 branch of the dungeon, and saw 5 of its levels.

You collected 149 gold pieces.

Inventory:

Hand Weapons
 a - a +0 war axe
 q - the +4 long sword of Generosity (weapon) {venom, rF+}
   (You found it on level 4 of the Dungeon)

   rF+:       It protects you from fire.
Missiles
 w - 4 poisoned darts
Armour
 b - a +0 scale mail (worn)
 c - a +0 buckler (worn)
 f - a scarf of invisibility
 r - a +0 cloak (worn)
Jewellery
 m - an amulet of the acrobat (around neck)
 o - an amulet of guardian spirit
Talismans
 p - a talisman of death
Scrolls
 e - a scroll of amnesia {unknown}
 i - a scroll of fog
 j - a scroll of teleportation
 l - a scroll of immolation {unknown}
 n - a scroll of blinking {unknown}
 u - a scroll of enchant weapon {unknown}
 v - a scroll of revelation {unknown}
Potions
 d - 2 potions of might
 g - a potion of attraction
 h - a potion of brilliance {unknown}
 k - 2 potions of haste {unknown}
 s - a potion of curing {unknown}
 t - a potion of ambrosia {unknown}
 x - 2 potions of experience {unknown}


   Skills:
 + Level 3.5 Fighting
 + Level 1.9 Long Blades
 + Level 2.9 Axes
 + Level 3.4 Armour
 * Level 1.9 Dodging
 + Level 3.7 Shields
 * Level 2.1 Spellcasting
 * Level 3.0 Necromancy


You had 8 spell levels left.
You knew the following spells:

 Your Spells              Type           Power      Damage    Failure   Level
a - Necrotise             Necr           28%        1d5       36%         1

Your spell library contained the following spells:

 Spells                   Type           Power      Damage    Failure   Level
 Kiss of Death            Conj/Necr      16%        2d6       56%         1
 Vampiric Draining        Necr           7%         2d6       75%         3
 Mercury Vapours          Alch/Air       2%         N/A       89%         2
 Mephitic Cloud           Conj/Alch/Air  1%         N/A       98%         3
 Animate Dead             Necr           7%         N/A       98%         4
 Freezing Cloud           Conj/Ice/Air   0%         6-21      100%        5


Dungeon Overview and Level Annotations

Branches:
Dungeon (5/15)
 Temple: D:4-7

Altars:
Kikubaaqudgha
Ru


Innate Abilities, Weirdness & Mutations

You are partially covered in yellow scales. (AC +2)
A meltable shield of frost defends you. (SH +0)


Message History

The orc completely misses you.
You hear some strange, mumbled words.
You are more confused.
It was a potion of attraction.
You feel attractive to monsters. The orc closely misses you.
Something hits you but does no damage.
An orc comes into view. It is wielding a +0 hand axe.
The orc is attracted toward you. The orc completely misses you.
Something barely misses you. The orc is attracted toward you.
You hit something. The orc hits you but does no damage.
The orc hits you from afar with a +0 trident.
Something completely misses you.
Things that are here:
a +0 hand axe; a +0 leather armour You miss the orc.
The orc hits you but does no damage. x2
Something hits you but does no damage. The orc hits you but does no damage.
The orc hits you from afar with a +0 trident.
You hit the orc.
The orc is almost dead.
An orc wizard appears from thin air!
Reactivating autopickup.
The orc wizard completely misses you. The orc completely misses you.
The orc hits you from afar with a +0 trident.
* * * LOW HITPOINT WARNING * * *
The orc wizard casts a spell at you.
The puff of flame hits you but does no damage.
Your condensation shield dissipates!
The orc hits you but does no damage.
You hit the orc.
The orc is poisoned.
The orc is heavily wounded.
The orc hits you with a +0 hand axe.
* * * LOW HITPOINT WARNING * * *
The orc hits you with a +0 trident.
* * * LOW HITPOINT WARNING * * *
The orc wizard hits you with a +0 dagger of electrocution.
* * * LOW HITPOINT WARNING * * *
You are electrocuted!!
You die...
Kikubaaqudgha rasps: "You have failed me!
Welcome... death!"

#.........§...... #.#####
#................ #..†..#
#............... #..##[.
#............... #..#..#
#............# #.<...#
#............#.#####..#.##
#............#...........#
#........o...########.####
#.......o@.......>.......#
#.......)o...#############
#............# #......
#............# #.#####
############## #.# ###.###
#.....# #.#.#.###
##.#.#....


You could see an orc wizard (very poisoned) and 2 orcs.

Vanquished Creatures
  2 black bears (D:4)
  A scorpion (D:5)
  2 hounds
  A gnoll bouda (D:5)
  A sleepcap (D:4)
  5 gnolls (D:5)
  2 adders (D:5)
  A shadow imp (D:5)
  A dart slug (D:2)
  2 ribbon worms (D:2)
  3 orcs (D:5)
  7 ball pythons
  4 endoplasms
  A giant cockroach (D:1)
  9 goblins
  3 hobgoblins
  4 jackals (D:1)
  5 quokkas
  5 bats
  2 frilled lizards
  5 kobolds
  5 rats
71 creatures vanquished.

Vanquished Creatures (collateral kills)
  A dart slug (D:5)
  An orc (D:5)
2 creatures vanquished.

Grand Total: 73 creatures vanquished

Notes
Turn   | Place    | Note
-------+----------+-------------------------------------------
     0 | D:1      | gelatine the Demonspawn Fighter began the quest for the
                  | Orb.
     0 | D:1      | Reached XP level 1. HP: 18/18 MP: 1/1
    61 | D:1      | Found a faded altar of an unknown god.
    92 | D:1      | Gained mutation: A meltable shield of frost defends you.
                  | (SH +0) [demonic ancestry]
    92 | D:1      | Reached XP level 2. HP: 24/24 MP: 2/2
   116 | D:1      | Prayed at the altar of an unknown god.
   116 | D:1      | Became a worshipper of Kikubaaqudgha
   116 | D:1      | Reached * piety under Kikubaaqudgha
   116 | D:1      | Received a gift from Kikubaaqudgha
   572 | D:1      | Reached XP level 3. HP: 29/29 MP: 3/3
   653 | D:2      | Reached skill level 1 in Necromancy
  1510 | D:3      | You fall into a shaft and drop 1 floor!
  1529 | D:4      | Reached ** piety under Kikubaaqudgha
  1549 | D:4      | Identified the +4 long sword of Generosity {venom, rF+}
  1734 | D:4      | Reached XP level 4. HP: 35/35 MP: 3/5
  1789 | D:4      | Noticed a black bear
  1797 | D:4      | Killed a black bear
  1798 | D:4      | Reached skill level 1 in Dodging
  1798 | D:4      | Reached skill level 1 in Spellcasting
  1798 | D:4      | Reached XP level 5. HP: 32/41 MP: 6/6
  2030 | D:4      | Noticed a black bear
  2037 | D:4      | Killed a black bear
  2038 | D:4      | Reached skill level 1 in Long Blades
  2038 | D:4      | Gained mutation: You are partially covered in yellow
                  | scales. (AC +2) [demonic ancestry]
  2038 | D:4      | Reached XP level 6. HP: 44/47 MP: 8/8
  2139 | D:5      | Entered Level 5 of the Dungeon
  2298 | D:5      | Found a sacrificial altar of Ru.
  2441 | D:5      | Learned a level 1 spell: Necrotise
  2623 | D:5      | Demolished by an orc wizard

Illustrated notes

Levels and vault maps discovered:
D:1:      scummos_arrival_hexagon, layout_basic,
          dreamdust_ecumenical_altar_statues
D:2:      layout_basic, chequers_serial_rivers_small_3, chequers_avenue
D:3:      layout_loops_ring, nicolae_uskayaw_suspiria, led_sif_pool,
          gammafunk_ghost_smash, serial_park_tiny_1
D:4:      black_bear_nest_1, layout_rooms
D:5:      layout_basic, nicolae_ru_sacrificial_ziggurat, tgw_kikubaaqudgha,
          nicolae_shop_clearance

Skill      XL: |  1  2  3  4  5  6 |
---------------+-------------------+-----
Axes           | 2 |  2.9
Shields        | 3 |  3.7
Necromancy     | 1 2 3 |  3.0
Armour         | 3 |  3.4
Dodging        | 1 |  1.9
Spellcasting   | 1 2 |  2.1
Long Blades    | 1 |  1.9
Fighting       | |  3.5

Action                     |  1- 3 |  4- 6 || total
---------------------------+-------+-------++-------
  Melee: War axe           |   137 |       ||   137
         Long sword        |     8 |    69 ||    77
   Cast: Necrotise         |       |    12 ||    12
    Use: Scroll            |       |     3 ||     3
         Potion            |       |     1 ||     1
 Armour: Scale mail        |    82 |    67 ||   149
  Dodge: Dodged            |    71 |    66 ||   137
  Block: Buckler           |    83 |    52 ||   135
